 Dungeon Crawl Stone Soup version 0.28-a0-828-g0121872642 (webtiles) character file.

Game seed: 2370819984759029930

40963 Zenkrye the Peltast (level 14, -4/109 HPs)
             Began as a Formicid Fighter on Nov 10, 2021.
             Was the Champion of Okawaru.
             Slain by a 13-headed hydra (9 damage)
             ... on level 5 of the Lair of Beasts.
             The game lasted 00:44:34 (14566 turns).

Zenkrye the Peltast (Formicid Fighter)             Turns: 14566, Time: 00:44:35

Health: -4/109     AC: 16    Str: 27    XL:     14   Next: 47%
Magic:  20/20      EV: 11    Int:  8    God:    Okawaru [******]
Gold:   552        SH: 19    Dex: 12    Spells: 13/13 levels left

rFire   + + .      SeeInvis +   B - +4 lajatang (vamp)
rCold   + . .      Faith    .   f - +1 tower shield
rNeg    . . .      Spirit   .   M - +0 fire dragon scales
rPois   .          Reflect  .   (helmet unavailable)
rElec   .          Harm     .   F - +0 cloak
rCorr   +          Rampage  .   d - +1 pair of gloves {Str+3}
Will    +....                   g - +0 pair of boots
Stlth   ..........              p - amulet of regeneration
HPRegen 1.28/turn               L - ring "Juyfufos" {rC++ rCorr}
MPRegen 0.17/turn               s - +4 ring of slaying

@: studying Shields
A: permanent stasis, dig shafts and tunnels, antennae 3, four strong arms
a: Dig, Shaft Self, Renounce Religion, Heroism, Finesse, Duel


You were on level 5 of the Lair of Beasts.
You worshipped Okawaru.
Okawaru was exalted by your worship.
You visited 3 branches of the dungeon, and saw 17 of its levels.
You visited 1 bazaar.

You collected 1139 gold pieces.
You spent 587 gold pieces at shops.

Inventory:

Hand Weapons
 i - the +5 lajatang of Puwaiv Peaz {speed, rC+ Int+2 Dex+4}
   (You acquired it on level 2 of the Lair of Beasts)

   Attacks with this weapon are significantly faster.
   Int:       It affects your intelligence (+2).
   Dex:       It affects your dexterity (+4).
   rC:        It protects you from cold.
 B - a +4 vampiric lajatang (weapon)
Missiles
 k - 2 silver boomerangs
 m - 4 atropa-tipped darts
 t - 9 boomerangs (quivered)
 z - 2 throwing nets {!f}
 G - 3 curare-tipped darts
 H - 21 silver javelins
 K - 4 boomerangs of dispersal
Armour
 d - a +1 pair of gloves of strength (worn)
 f - a +1 tower shield (worn)
 g - a +0 pair of boots (worn)
 F - a +0 cloak (worn)
 M - +0 fire dragon scales (worn)
Jewellery
 c - a ring of ice
 n - a ring of positive energy
 p - an amulet of regeneration (around neck)
 s - a +4 ring of slaying (right hand)
 L - the ring "Juyfufos" (left hand) {rC++ rCorr}
   (You bought it in a shop in a bazaar)

   [ring of resist corrosion]

   rC:        It greatly protects you from cold.
   rCorr:     It protects you from acid and corrosion.
Wands
 q - a wand of iceblast (9) {@v4}
 y - a wand of paralysis (25)
 C - a wand of acid (10) {@v2}
 E - a wand of polymorph (10)
Scrolls
 h - 2 scrolls of immolation
 r - a scroll of amnesia
 v - 2 scrolls of fear
 x - a scroll of enchant armour
 A - 2 scrolls of fog
Potions
 a - a potion of might {@q4}
 b - 6 potions of heal wounds {@q2}
 e - 3 potions of magic
 j - 2 potions of lignification
 l - 5 potions of curing {@q1}
 o - 3 potions of ambrosia
 w - 5 potions of flight
 D - 3 potions of invisibility
 I - a potion of mutation {unknown}


   Skills:
 + Level 9.8 Fighting
 + Level 14.4 Staves
 + Level 6.5 Throwing
 + Level 9.8 Armour
 + Level 4.6 Dodging
 + Level 15.0 Shields
 + Level 9.1 Invocations


You had 13 spell levels left.
You didn't know any spells.
Your spell library contained the following spells:

 Spells                   Type           Power      Damage    Failure   Level
 Magic Dart               Conj           0%         1d3       67%         1
 Slow                     Hex            0%         N/A       67%         1
 Scorch                   Fire           0%         2d5       82%         2
 Searing Ray              Conj           0%         2d4       82%         2
 Confusing Touch          Hex            0%         N/A       96%         3
 Lesser Beckoning         Tloc           0%         N/A       96%         3
 Flame Wave               Conj/Fire      0%         3d3       100%        4
 Fulminant Prism          Conj/Hex       0%         3d6       100%        4
 Fireball                 Conj/Fire      0%         3d3       100%        5
 Iskenderun's Battlesphe  Conj           0%         2d6       100%        5
 Manifold Assault         Tloc           0%         N/A       100%        5
 Yara's Violent Unravell  Hex/Tmut       0%         3d3       100%        5
 Conjure Ball Lightning   Conj/Air       0%         3x3d6     100%        6
 Orb of Destruction       Conj           0%         N/A       100%        7
 Storm Form               Tmut/Air       0%         N/A       100%        7
 Blink                    Tloc           Unusable   N/A       N/A         2
 Summon Cactus Giant      Summ           Unusable   N/A       N/A         6

Dungeon Overview and Level Annotations

Branches:
Dungeon (11/15)            Temple (1/1) D:7            Lair (5/6) D:11
 Shoals (0/4) Lair:4       Spider (0/4) Lair:2          Orc (0/2) D:9
  Slime: Lair:5-6

Altars:
Cheibriados
Dithmenos
Gozag
Hepliaklqana
Kikubaaqudgha
Makhleb
Nemelex Xobeh
Okawaru
Qazlal
Ru
Sif Muna
Vehumet
Wu Jian
Xom
The Shining One

Shops:
D:10 *

Annotations:
D:11 2 runed translucent doors


Innate Abilities, Weirdness & Mutations

You cannot be hasted, slowed, berserked, paralysed or teleported.
You can dig through walls and to a lower floor.
You have a pair of large antennae on your head. (SInv)
Your four strong arms can wield two-handed weapons with a shield.


Message History

The 11-headed hydra is almost dead.
You chop one of the 11-headed hydra's heads off!
The ten-headed hydra grows two more!
You slash the 12-headed hydra!
The 12-headed hydra is almost dead.
You block the 12-headed hydra's attack. The 12-headed hydra bites you!
The 12-headed hydra bites you.
The 12-headed hydra bites you but does no damage.
You block the 12-headed hydra's attack. The 12-headed hydra closely misses you.
You block the 12-headed hydra's attack. The 12-headed hydra bites you!
The 12-headed hydra bites you but does no damage.
The 12-headed hydra bites you! The 12-headed hydra bites you.
You block the 12-headed hydra's attack.
You are too injured to fight recklessly!
You are too injured to fight recklessly!
You feel a sense of dread.
B - a +4 vampiric lajatang (weapon)
You are too injured to fight recklessly!
You barely miss the 12-headed hydra.
The 12-headed hydra is almost dead.
The 12-headed hydra barely misses you. The 12-headed hydra misses you.
You block the 12-headed hydra's attack. The 12-headed hydra bites you!
The 12-headed hydra bites you. You block the 12-headed hydra's attack.
The 12-headed hydra bites you.
* * * LOW HITPOINT WARNING * * *
The 12-headed hydra barely misses you. The 12-headed hydra closely misses you.
You block the 12-headed hydra's attack. x2; The 12-headed hydra bites you!
* * * LOW HITPOINT WARNING * * *
You hack one of the 12-headed hydra's heads off!
The 11-headed hydra grows two more!
You slash the 13-headed hydra!
You feel better.
The 13-headed hydra is almost dead.
You block the 13-headed hydra's attack. The 13-headed hydra bites you!
* * * LOW HITPOINT WARNING * * *
You block the 13-headed hydra's attack. x2; The 13-headed hydra bites you!
* * * LOW HITPOINT WARNING * * *
The 13-headed hydra bites you.
* * * LOW HITPOINT WARNING * * *
The 13-headed hydra bites you but does no damage.
The 13-headed hydra bites you!
You die...

#.......# #.......... ##).....#
##.#....... #.......## ##........
#........# ##....... #.......##
###P....## ##.....## #......).#
#....#### ####### #.........
#####....#.####.....##...........
..###.....##....@D...............
.....P........................†..
................?.............†..
.................................
.........#.#.....................
.P(.....P###P##...####...........
.P.......# ######## ##.......#
.........# #......## ........P#
#.##....##


You could see a 13-headed hydra.

Vanquished Creatures
  Fannar (Lair:3)
  2 boulder beetles
  7 hydras
  An ogre mage (D:10)
  A centaur warrior (D:10)
  5 two-headed ogres
  Sonja (Lair:5)
  A lindwurm (Lair:5)
  Pikel (D:4)
  5 elephants (Lair:2)
  2 manticores
  4 black mambas
  A gargoyle (D:11)
  11 cane toads
  3 rime drakes
  2 kobold demonologists
  3 komodo dragons
  A polar bear (Lair:5)
  A troll (D:7)
  A queen bee (Lair:2)
  3 blink frogs (Lair:2)
  Prince Ribbit (Lair:2)
  Grinder (D:4)
  Sigmund (D:3)
  2 wraiths
  40 yaks
  6 wyverns
  6 basilisks
  A steam dragon (Lair:2)
  An acid dragon (D:11)
  13 water moccasins
  2 sky beasts
  5 orc warriors
  4 black bears
  4 ogres
  7 wolves
  10 centaurs
  2 phantoms
  2 kobold brigands (D:8)
  11 bullfrogs
  2 gnoll sergeants
  6 scorpions
  A wyvern skeleton (D:7)
  25 killer bees (Lair:2)
  11 wights
  5 howler monkeys
  7 centaur zombies
  2 jellies
  2 centaur skeletons
  2 hounds (D:5)
  6 orc priests
  3 bullfrog skeletons
  2 iguanas
  6 hell rats (Lair:5)
  19 orc wizards
  2 killer bee zombies
  A hound skeleton (D:4)
  20 gnolls
  8 adders
  4 howler monkey skeletons
  A river rat (Lair:2)
  A shadow imp (D:8)
  A white imp (D:7)
  An ufetubus (D:7)
  An adder skeleton (D:4)
  A worm (D:3)
  35 orcs
  9 ball pythons
  5 bats
  10 endoplasms
  6 giant cockroaches
  12 goblins
  8 hobgoblins
  4 jackals
  14 kobolds
  3 quokkas
  3 frilled lizards
  5 rats
430 creatures vanquished.

Vanquished Creatures (others)
  24 fungi
  27 plants
51 creatures vanquished.

Grand Total: 481 creatures vanquished

Notes
Turn   | Place    | Note
-------+----------+-------------------------------------------
     0 | D:1      | Zenkrye the Formicid Fighter began the quest for the Orb.
     0 | D:1      | Reached XP level 1. HP: 18/18 MP: 1/1
   106 | D:1      | Reached XP level 2. HP: 24/24 MP: 2/2
   292 | D:1      | Reached XP level 3. HP: 29/29 MP: 3/3
  1113 | D:2      | Reached XP level 4. HP: 35/35 MP: 4/4
  1656 | D:2      | Reached XP level 5. HP: 41/41 MP: 5/5
  2001 | D:2      | Reached skill level 5 in Staves
  2428 | D:3      | Noticed Sigmund
  2445 | D:3      | Killed Sigmund
  2446 | D:3      | Reached XP level 6. HP: 28/47 MP: 6/6
  2900 | D:3      | Reached XP level 7. HP: 25/52 MP: 7/7
  3219 | D:3      | Found a burning altar of Makhleb.
  3513 | D:4      | Noticed Pikel
  3524 | D:4      | Killed Pikel
  3525 | D:4      | Reached XP level 8. HP: 46/58 MP: 8/8
  3650 | D:4      | Noticed Grinder
  3702 | D:4      | Killed Grinder
  4554 | D:4      | Reached skill level 4 in Shields
  4653 | D:4      | Found a sparkling altar of Nemelex Xobeh.
  4763 | D:4      | Identified a scroll of acquirement
  4763 | D:4      | Acquired a +5 vorpal quarterstaff
  4788 | D:5      | Entered Level 5 of the Dungeon
  5015 | D:5      | Reached skill level 10 in Staves
  5015 | D:5      | Reached skill level 5 in Shields
  5025 | D:5      | Reached XP level 9. HP: 61/64 MP: 9/9
  5297 | D:6      | Reached skill level 6 in Shields
  5580 | D:6      | Reached skill level 7 in Shields
  5721 | D:6      | Found an ornate altar of the Wu Jian Council.
  5980 | D:7      | Found an opulent altar of Gozag.
  6007 | D:7      | Found a staircase to the Ecumenical Temple.
  6027 | Temple   | Entered the Ecumenical Temple
  6038 | Temple   | Became a worshipper of Warmaster Okawaru
  6190 | D:7      | Reached skill level 8 in Shields
  6413 | D:7      | Reached skill level 1 in Invocations
  6413 | D:7      | Reached XP level 10. HP: 63/70 MP: 10/10
  6427 | D:7      | Reached * piety under Okawaru
  6435 | D:7      | Reached skill level 9 in Shields
  6475 | D:7      | Reached ** piety under Okawaru
  6921 | D:8      | Found an ancient bone altar of Kikubaaqudgha.
  7122 | D:8      | Reached skill level 5 in Invocations
  7148 | D:8      | Noticed a two-headed ogre
  7158 | D:8      | Reached skill level 10 in Shields
  7165 | D:8      | Killed a two-headed ogre
  7165 | D:8      | Reached *** piety under Okawaru
  7166 | D:8      | Reached XP level 11. HP: 68/78 MP: 12/14
  7552 | D:9      | Noticed a two-headed ogre
  7554 | D:9      | Reached skill level 5 in Fighting
  7565 | D:8      | Reached skill level 5 in Armour
  7683 | D:9      | Reached skill level 1 in Throwing
  7697 | D:9      | Killed a two-headed ogre
  7700 | D:9      | Reached **** piety under Okawaru
  7804 | D:9      | Found a shimmering altar of Xom.
  7817 | D:9      | Received a gift from Okawaru
  7954 | D:9      | Found a staircase to the Orcish Mines.
  8091 | D:9      | Noticed a two-headed ogre
  8101 | D:9      | Killed a two-headed ogre
  8172 | D:10     | Entered Level 10 of the Dungeon
  8337 | D:10     | Noticed a two-headed ogre
  8347 | D:10     | Killed a two-headed ogre
  8347 | D:10     | Received a gift from Okawaru
  8390 | D:10     | Noticed a manticore
  8403 | D:10     | Killed a manticore
  8668 | D:10     | Found Deddevuc's General Store.
  8717 | D:10     | Noticed a two-headed ogre
  8724 | D:10     | Killed a two-headed ogre
  8725 | D:10     | Reached skill level 11 in Shields
  8783 | D:10     | Noticed a centaur warrior
  8790 | D:10     | Killed a centaur warrior
  8790 | D:10     | Noticed an ogre mage
  8796 | D:10     | Killed an ogre mage
  8796 | D:10     | Reached ***** piety under Okawaru
  8797 | D:10     | Reached XP level 12. HP: 67/89 MP: 15/15
  8807 | D:10     | Received a gift from Okawaru
  9209 | D:11     | Found a staircase to the Lair.
  9409 | D:11     | Noticed a boulder beetle
  9496 | D:11     | Found a flickering gateway to a bazaar.
  9505 | Bazaar   | Entered a bazaar
  9505 | Bazaar   | Found Jeduja's General Store.
  9505 | Bazaar   | Found Jutaas's Armour Shoppe.
  9519 | Bazaar   | Found Keiguzxo's Antique Weapon Shop.
  9533 | Bazaar   | Found Cauma's Armour Emporium.
  9542 | Bazaar   | Found Lutic's Jewellery Emporium.
  9548 | Bazaar   | Bought the ring "Juyfufos" {rC++ rCorr} for 489 gold pieces
  9573 | Bazaar   | Bought a potion of heal wounds for 70 gold pieces
  9573 | Bazaar   | Bought a scroll of identify for 28 gold pieces
  9782 | D:11     | Killed a boulder beetle
  9945 | D:11     | Received a gift from Okawaru
  9962 | D:11     | Found a runed translucent door.
  9964 | D:11     | Found a runed translucent door.
 10050 | D:11     | Reached skill level 5 in Throwing
 10050 | D:11     | Reached skill level 12 in Shields
 10203 | D:11     | Acquired a manual of Shields
 10251 | Lair:1   | Entered Level 1 of the Lair of Beasts
 10329 | Lair:1   | Noticed a six-headed hydra
 10347 | Lair:1   | Killed a six-headed hydra
 10347 | Lair:1   | Received a gift from Okawaru
 10577 | Lair:1   | Noticed a four-headed hydra
 10588 | Lair:1   | Killed a four-headed hydra
 10588 | Lair:1   | Received a gift from Okawaru
 10589 | Lair:1   | Reached XP level 13. HP: 96/98 MP: 15/18
 10636 | Lair:1   | Noticed an eight-headed hydra
 10649 | Lair:1   | Killed an eight-headed hydra
 10650 | Lair:1   | Reached skill level 1 in Dodging
 10975 | Lair:1   | Received a gift from Okawaru
 10982 | Lair:1   | Reached skill level 13 in Shields
 11135 | Lair:2   | Noticed an eight-headed hydra
 11147 | Lair:2   | Killed an eight-headed hydra
 11322 | Lair:2   | Noticed a five-headed hydra
 11327 | Lair:2   | Killed a five-headed hydra
 11329 | Lair:2   | Noticed Prince Ribbit
 11339 | Lair:2   | Received a gift from Okawaru
 11345 | Lair:2   | Killed Prince Ribbit
 11355 | Lair:2   | Reached ****** piety under Okawaru
 11399 | Lair:2   | Noticed a four-headed hydra
 11407 | Lair:2   | Killed a four-headed hydra
 11408 | Lair:2   | Acquired the +5 lajatang of Puwaiv Peaz {speed, rC+ Int+2
                  | Dex+4}
 11451 | Lair:2   | Received a gift from Okawaru
 11610 | Lair:2   | Found a hole to the Spider Nest.
 11611 | Lair:2   | Noticed a boulder beetle
 11624 | Lair:2   | Noticed a seven-headed hydra
 11643 | Lair:2   | Killed a 13-headed hydra
 11653 | Lair:2   | Killed a boulder beetle
 11737 | Lair:2   | Reached skill level 14 in Shields
 12179 | Lair:2   | Received a gift from Okawaru
 12721 | Lair:3   | Reached XP level 14. HP: 108/108 MP: 20/20
 12755 | Lair:3   | Noticed Fannar
 12764 | Lair:3   | Killed Fannar
 13156 | Lair:3   | You fall into a shaft and drop 2 floors!
 13391 | Lair:4   | Found a staircase to the Shoals.
 13664 | Lair:4   | Received a gift from Okawaru
 14080 | Lair:5   | Noticed Sonja
 14086 | Lair:5   | Killed Sonja
 14323 | Lair:5   | Reached skill level 15 in Shields
 14426 | Lair:5   | Acquired a +0 vampiric lajatang
 14566 | Lair:5   | HP: 5/109 [13-headed hydra (5)]
 14566 | Lair:5   | Slain by a 13-headed hydra

Illustrated notes

Levels and vault maps discovered:
D:1:      nzn_arrival_settlement, layout_basic, serial_forest,
          infiniplex_forest_corner_1, infiniplex_forest_end_1,
          infiniplex_forest_lined_3, infiniplex_forest_straight_4,
          infiniplex_forest_lined_3, chequers_serial_rivers_micro_a
D:2:      layout_loops_cross, minmay_divided_ellipse
D:3:      layout_loops_cross, lightli_temple_of_fire, nrook_mini_backslash,
          uniq_sigmund
D:4:      layout_loops_ring, nemelex_spade_bored_becter, minmay_splitting_lines,
          nrook_loot_triangle, uniq_pikel, uniq_grinder
D:5:      layout_rooms
D:6:      layout_loops_ring, nzn_wu_jian_contemplation
D:7:      layout_loops_ring, grunt_gozag_breadcrumbs,
          minmay_temple_entry_crystal_x, grunt_potential
D:8:      layout_rooms, mainiacjoe_overflow_paths
D:9:      layout_cave_pools, xom_butterflies, orc_0_dummy, chequers_jeans,
          kennysheep_nub
D:10:     layout_stronghold, serial_shops, nicolae_take_the_stairs, minivault_20
D:11:     lemuel_insect_pit, layout_stronghold, due_lair_maze_entry_diamond,
          serial_shops, bzr_entry_islet
Temple:   eino_temple_rhombus
Lair:1:   layout_roguey, gauntlet_entry_generic, infiniplex_staircase_pool_2
Lair:2:   regret_index_wax_grids, layout_layer_cave,
          nicolae_spider_entry_non_spiders, uniq_prince_ribbit2
Lair:3:   layout_regular_city, serial_bayou_shore_b, uniq_fannar
Lair:4:   layout_gridlike, minmay_shoals_entry_centaurs
Lair:5:   layout_hall_layers, lemuel_fruit_tree, uniq_sonja

Skill      XL: |  1  2  3  4  5  6  7  8  9 10 11 12 13 14 |
---------------+-------------------------------------------+-----
Staves         | 3 4 6 8 10 11 12 13 14 | 14.4
Shields        | 5 8 10 11 12 14 15 | 15.0
Invocations    | 1 5 6 8 9 |  9.1
Fighting       | 4 6 8 9 |  9.8
Armour         | 4 6 8 9 |  9.8
Throwing       | 3 5 6 |  6.5
Dodging        | 3 4 |  4.6

Action                   |  1- 3 |  4- 6 |  7- 9 | 10-12 | 13-15 || total
-------------------------+-------+-------+-------+-------+-------++-------
Melee: Quarterstaff      |    85 |   135 |   277 |   522 |    92 ||  1111
       Lajatang          |       |       |       |       |   403 ||   403
Throw: Dart              |       |       |    30 |    33 |       ||    63
       Boomerang         |       |       |       |    18 |    22 ||    40
Invok: Heroism           |       |       |       |     9 |    10 ||    19
       Finesse           |       |       |       |     1 |       ||     1
 Abil: Dig               |       |     2 |     1 |       |     3 ||     6
Evoke: Wand              |       |       |       |     1 |       ||     1
  Use: Scroll            |     3 |     2 |     7 |     5 |    14 ||    31
       Potion            |       |       |     3 |     1 |       ||     4
Armor: Scale mail        |    29 |    38 |    13 |       |       ||    80
       Chain mail        |       |       |    75 |    40 |       ||   115
       Skin              |       |       |     1 |     9 |       ||    10
       Fire dragon scale |       |       |       |   112 |    74 ||   186
Dodge: Dodged            |    32 |    53 |    31 |    92 |    91 ||   299
Block: Buckler           |    17 |    24 |       |       |       ||    41
       Tower shield      |       |       |   169 |   433 |   338 ||   940

Table legend: (Time is in decaauts)
 A = Elapsed time spent in this place.
 B = Non-inter-level travel time spent in this place.
 C = Inter-level travel time spent in this place.
 D = Time resting spent in this place.
 E = Time spent auto-exploring this place.
 F = Levels seen in this place.
 G = Mean time per level.
                   A        B        C        D        E       F      G
               +--------+--------+--------+--------+--------+-----+--------+
         Total |  14240 |  13750 |    490 |    622 |  10000 |  18 |  791.1 |
       Dungeon |  10085 |   9753 |    332 |    599 |   6905 |  11 |  916.8 |
        Temple |     21 |     12 |      9 |      0 |      1 |   1 |   21.0 |
          Lair |   4053 |   3904 |    149 |     23 |   3055 |   5 |  810.6 |
        Bazaar |     80 |     80 |      0 |      0 |     38 |   1 |   80.0 |
               +--------+--------+--------+--------+--------+-----+--------+

Top non-repeatable levels by time:
     D:4: 1437 daAuts
  Lair:2: 1436 daAuts
     D:2: 1220 daAuts
     D:1: 1119 daAuts
     D:3: 1052 daAuts
    D:11: 1020 daAuts
     D:7: 919 daAuts
    D:10: 907 daAuts
  Lair:1: 832 daAuts
  Lair:4: 825 daAuts
     D:6: 706 daAuts
     D:9: 669 daAuts
     D:8: 567 daAuts
  Lair:5: 507 daAuts
     D:5: 463 daAuts
